 Dungeon Crawl Stone Soup version 0.21-a0-584-g185da8e (webtiles) character file.

6 sithsevirus the Charmwright (level 1, 0/20 HPs)
             Began as a Gnoll Skald on Dec 20, 2017.
             Slain by a gnoll
             ... wielding a +0 halberd
              (5 damage)
             ... on level 1 of the Dungeon.
             The game lasted 00:01:36 (310 turns).

sithsevirus the Charmwright (Gnoll Skald)            Turns: 310, Time: 00:01:36

Health: 0/20       AC:  3    Str: 13    XL:     1   Next: 90%
Magic:  2/6        EV: 14    Int: 15    God:
Gold:   23         SH:  0    Dex: 14    Spells: 8/9 levels left

rFire    . . .     SeeInvis .   a - +0 spear
rCold    . . .     Gourm    .   (no shield)
rNeg     . . .     Faith    .   b - +0 leather armour
rPois    .         Spirit   .   (no helmet)
rElec    .         Reflect  .   (no cloak)
rCorr    .         Harm     .   (no gloves)
MR       .....                  (no boots)
Stlth    +.........             (no amulet)
HPRegen  0.06/turn              (no ring)
MPRegen  0.10/turn              (no ring)

@: infused
A: distributed training, fangs 1, strong nose
a: no special abilities


You were on level 1 of the Dungeon.
You were not hungry.

You visited 1 branch of the dungeon, and saw 1 of its levels.

You collected 23 gold pieces.

Inventory:

Hand Weapons
 a - a +0 spear (weapon)
 h - a +2 dagger of venom
Missiles
 e - 23 stones (quivered)
Armour
 b - a +0 leather armour (worn)
Scrolls
 g - a scroll of identify {unknown}
 j - a scroll of noise {unknown}
Potions
 f - a potion of degeneration {unknown}
 i - 2 potions of flight {unknown}
Books
 c - a book of Battle

   Spells                             Type                      Level
   a - Infusion                       Charms                       1
   b - Shroud of Golubria             Charms/Translocation         2
   c - Song of Slaying                Charms                       2
   d - Spectral Weapon                Hexes/Charms                 3
   e - Regeneration                   Charms/Necromancy            3
Comestibles
 d - a ration
 k - a chunk of flesh


   Skills:
 + Level 4.4 Fighting
 + Level 0.1 Short Blades
 + Level 0.1 Long Blades
 + Level 0.1 Axes
 + Level 0.1 Maces & Flails
 + Level 4.4 Polearms
 + Level 0.1 Staves
 + Level 0.1 Slings
 + Level 0.1 Bows
 + Level 0.1 Crossbows
 + Level 0.1 Throwing
 + Level 2.4 Armour
 + Level 4.4 Dodging
 + Level 0.1 Stealth
 + Level 0.1 Shields
 + Level 0.1 Unarmed Combat
 + Level 4.9 Spellcasting
 + Level 0.1 Conjurations
 + Level 0.1 Hexes
 + Level 5.3 Charms
 + Level 0.1 Summonings
 + Level 0.1 Necromancy
 + Level 0.1 Translocations
 + Level 0.1 Transmutations
 + Level 0.1 Fire Magic
 + Level 0.1 Ice Magic
 + Level 0.1 Air Magic
 + Level 0.1 Earth Magic
 + Level 0.1 Poison Magic
 + Level 0.2 Invocations
 + Level 0.1 Evocations


You had 8 spell levels left.
You knew the following spells:

 Your Spells              Type           Power        Failure   Level  Hunger
b - Infusion              Chrm           ###.         2%          1    None


Dungeon Overview and Level Annotations

Branches:
Dungeon (1/15)

Altars:


Innate Abilities, Weirdness & Mutations

Your experience applies equally to all skills.
You have very sharp teeth.
Your uncanny sense of smell can sniff out nearby items.


Message History

You are too injured to fight recklessly!
You are too injured to fight recklessly!
Attack whom?
Press: ? - help, Dir - move target cursor, f/p - gnoll
Aim: a gnoll, wielding a halberd (heavily wounded)
You reach to attack!
You hit the gnoll.
The gnoll is severely wounded.
Attack whom?
Press: ? - help, Dir - move target cursor, f/p - gnoll
Aim: a gnoll, wielding a halberd (severely wounded)
You reach to attack!
You barely miss the gnoll.
The gnoll is severely wounded.
The gnoll barely misses you.
Attack whom?
Press: ? - help, Dir - move target cursor, f/p - gnoll
Aim: a gnoll, wielding a halberd (severely wounded)
You reach to attack!
You hit the gnoll.
The gnoll is almost dead.
The gnoll hits you from afar with a halberd.
You die...

##########
#........#
##........########
.................#
.#........######@#
...#######.รท..##.#
...# #....##g#
...#######....#.g.
+#............#...
.#.######.....#....
.#.# #.......#.##
.#.#####.......#.#
.#........####.#


You could see a gnoll and a hobgoblin.

Vanquished Creatures
  A leopard gecko (D:1)
  A bat (D:1)
  A kobold (D:1)
  A frilled lizard (D:1)
  A rat (D:1)
5 creatures vanquished.

Notes
Turn   | Place    | Note
-------+----------+-------------------------------------------
     0 | D:1      | sithsevirus the Gnoll Skald began the quest for the Orb.
     0 | D:1      | Reached XP level 1. HP: 20/20 MP: 6/6
   310 | D:1      | Slain by a gnoll

Vault maps used:
D:1:      dpeg_arrival_houses_and_road

Action                   || total
-------------------------++-------
Melee: Spear             ||    21
       Bite              ||     2
Throw: Stone             ||     3
 Cast: Infusion          ||     3
Dodge: Dodged            ||    16

Table legend:
 A = Spawn XP
 B = Non-spawn XP
 C = Spawn XP percentage of total XP
 D = Spawn monster count
 E = Non-spawn monster count
 F = Spawn count percentage of total count
 G = Total turns spent on level
                    A         B        C        D         E        F      G
               +---------+---------+-------+---------+---------+-------+---------
         Total |       0 |       9 |   0.0 |       0 |       5 |   0.0 |   310
               +---------+---------+-------+---------+---------+-------+---------
           D:1 |       0 |       9 |   0.0 |       0 |       5 |   0.0 |   310
               +---------+---------+-------+---------+---------+-------+---------
